cohdb
Replays
Latest Replays
All Replays
Popular Replays
Top Player Replays
Match Explorer
How It Works
Community
CoH3 Stats
Reddit
Sign in to upload your games and track your stats! →
Sign in with Steam
Match 46819981
Unlisted
Match 46819981
Overview
Messages
Build Orders
End
Scout Squad
Scout Squad
Construct Weapon Support Center
Selects Advanced Infantry Battlegroup
M1919 Machine Gun Team
M1919 Machine Gun Team
Scout Squad
M1919 Machine Gun Team
Selects Artillery Observers
Construct Medical Station
Bruistablet
plsbenice
0
0
Comments
sign in to comment!
No comments posted yet!